 Dungeon Crawl Stone Soup version 0.22-a0-553-g9358b0b (webtiles) character file.

8555 inc the Frost Mage (level 11, -7/61 HPs)
             Began as an Octopode Ice Elementalist on June 25, 2018.
             Was an Elder of Sif Muna.
             Engulfed by a cloud of freezing vapour (14 damage)
             ... in an ice cave.
             The game lasted 00:28:54 (16344 turns).

inc the Frost Mage (Octopode Ice Elementalist)     Turns: 16344, Time: 00:28:54

Health: -7/61      AC:  1    Str:  9    XL:     11   Next: 32%
Magic:  13/24      EV: 14    Int: 20    God:    Sif Muna [****..]
Gold:   651        SH:  0    Dex: 16    Spells: 16/28 levels left

rFire    . . .     SeeInvis .   C - staff of cold
rCold    + . .     Gourm    .   (no shield)
rNeg     . . .     Faith    .   (helmet restricted)
rPois    +         Spirit   .   w - amulet of rage
rElec    .         Reflect  .   y - +2 ring of dexterity
rCorr    .         Harm     .   A - +2 ring of dexterity
MR       .....                  F - ring of poison resistance
Stlth    +++.......             (no ring)
HPRegen  0.20/turn              (no ring)
MPRegen  0.19/turn              (no ring)
                                (no ring)
                                (no ring)

@: divine energy
A: almost no armour, stealthy swim, amphibious, 8 rings, constrict 8, camouflage
1, gelatinous body 1
a: Stop Divine Energy, Channel Magic, Forget Spell, Renounce Religion, Evoke
Berserk Rage


You were in an ice cave.
You worshipped Sif Muna.
Sif Muna was greatly pleased with you.
You were not hungry.

You visited 2 branches of the dungeon, and saw 12 of its levels.
You also visited: Sewer and Ice Cave.

You collected 651 gold pieces.

Inventory:

Hand Weapons
 d - a +1 dagger of speed
 q - the +7 mace of the Chickpea {elec, +Blink MR+ Str+3}
   (You found it on level 4 of the Dungeon)

   Occasionally, upon striking a foe, it will discharge some electrical energy
   and cause terrible harm.
   It affects your strength (+3).
   It affects your resistance to hostile enchantments.
   It lets you blink.
Magical Staves
 C - an uncursed staff of cold (weapon)
Jewellery
 w - an amulet of rage (around mantle)
 y - a +2 ring of dexterity (left tentacle)
 A - a +2 ring of dexterity (right tentacle)
 F - a ring of poison resistance (on tentacle)
Wands
 o - a wand of polymorph (15)
 r - a wand of iceblast (9)
 B - a wand of flame (39)
 D - a wand of enslavement (13)
Scrolls
 a - 2 scrolls of amnesia
 b - 6 scrolls of remove curse
 i - a scroll of enchant weapon
 j - 3 scrolls of noise
 m - 10 scrolls of teleportation
 p - 3 scrolls of enchant armour
Potions
 e - 2 potions of curing
 f - a potion of mutation {unknown}
 g - 2 potions of berserk rage
 k - 2 potions of magic
 l - 2 potions of degeneration
 n - 2 potions of brilliance
 s - 2 potions of might
 v - 4 potions of flight
 x - 3 potions of lignification
 z - a potion of haste
 E - a potion of agility
Comestibles
 c - 14 rations


   Skills:
 - Level 2.0 Dodging
 - Level 2.6 Stealth
 - Level 9.4 Spellcasting
 - Level 1.0 Conjurations
 - Level 2.2 Charms
 - Level 7.5 Summonings
 - Level 10.9 Ice Magic
 + Level 5.3 Invocations


You had 16 spell levels left.
You knew the following spells:

 Your Spells              Type           Power        Failure   Level  Hunger
a - Freeze                Ice            ####         1%          1    None
b - Ozocubu's Armour      Chrm/Ice       ######..     1%          3    None
c - Summon Ice Beast      Ice/Summ       ######..     1%          4    ###....
d - Throw Icicle          Conj/Ice       ######..     6%          4    ###....

Your spell library contained the following spells:

 Spells                   Type           Power        Failure   Level  Hunger
 Throw Frost              Conj/Ice       ######       1%          2    None
 Mephitic Cloud           Conj/Pois/Air  ##......     19%         3    None
 Venom Bolt               Conj/Pois      ##........   86%         5    #####..
 Olgreb's Toxic Radiance  Pois           #.......     58%         4    ###....
 Sting                    Conj/Pois      ##..         6%          1    None
 Poisonous Vapours        Pois/Air       #.....       11%         2    None


Dungeon Overview and Level Annotations

Branches:
Dungeon (11/15)            Temple (1/1) D:7            Lair (0/6) D:9
    Orc (0/2) D:10

Altars:
Ashenzari
Cheibriados
Dithmenos
Elyvilon
Fedhas
Gozag
Hepliaklqana
Kikubaaqudgha
Makhleb
Nemelex Xobeh
Okawaru
Qazlal
Ru
Sif Muna
Trog
Uskayaw
Vehumet
Wu Jian
Xom
Yredelemnul
Zin
The Shining One

Annotations:
D:2 1 runed door


Innate Abilities, Weirdness & Mutations

You cannot wear most types of armour.
You are very stealthy in the water. (Stealth+)
You are amphibious.
You can wear up to eight rings at the same time.
You can use your tentacles to constrict eight enemies at once.
Your skin changes colour to match your surroundings (Stealth+).
Your rubbery body absorbs attacks. (AC +1, EV +1)


Message History

* * * LOW HITPOINT WARNING * * *
The wolf closely misses your ice beast. The yak gores you.
* * * LOW HITPOINT WARNING * * *
The wolf bites your ice beast.
Your ice beast barely misses the yak.
Okay, then.
As you read the scroll of fear, it crumbles to dust.
You assume a fearsome visage.
The wolf looks frightened!
The yak looks frightened!
Your ice beast hits the yak.
Your ice beast freezes the yak!
Your ice beast's attack snaps the yak out of its fear.
Unknown command.
A yak comes into view.
The yak gores your ice beast!
Your ice beast hits the yak but does no damage. x2
Cornered, the wolf turns to fight!
The yak gores your ice beast!
Your ice beast hits the yak.
Your ice beast freezes the yak!!
The yak dies!
Sif Muna accepts your kill.
You are engulfed in freezing vapours.
You resist.
You die...

### # #..## # hY.## #
##..## #.Y§§## #
########Y###§§#
####.#....## #§§@##
§##.(...#..#####§§###
..##..####..# ###§§##
≈.†##..###..# ##§.##
..###..##...## ##..##
.####...##...## ###...#
####...####...# ##..#..#
##...####.#.#####...#.##
#...## #|#.##...##.##


You could see a wolf and 2 friendly ice beasts.

Vanquished Creatures
  3 two-headed ogres
  Psyche (D:11)
  An ice statue (IceCv)
  A hippogriff (D:10)
  2 yaks (D:10)
  A soldier ant (D:10)
  A sky beast (D:7)
  2 orc warriors
  An ice beast (D:6)
  A black bear (D:10)
  2 phantoms
  A hornet zombie (D:9)
  A centaur (D:8)
  6 ogres
  3 big kobolds
  Blork the orc (D:5)
  5 bullfrogs
  6 scorpions
  2 killer bees (D:11)
  2 wights
  3 howler monkeys
  An electric eel (D:9)
  2 centaur zombies
  8 hounds
  3 jellies
  2 bullfrog skeletons (D:10)
  4 orc priests (D:10)
  7 orc wizards
  A centaur skeleton (D:6)
  Ijyb (D:4)
  3 iguanas
  3 worker ants
  A merfolk avatar (Sewer)
  A hound skeleton (D:9)
  A worker ant zombie (D:9)
  A howler monkey skeleton (D:8)
  4 gnolls
  20 adders
  2 river rats (Sewer)
  A shadow imp (D:7)
  An adder zombie (D:7)
  4 adder skeletons
  4 worms
  3 dart slugs
  6 leopard geckos
  24 orcs
  6 giant cockroaches
  19 goblins
  9 hobgoblins
  10 jackals
  4 quokkas
  8 ball pythons
  5 bats
  7 frilled lizards
  A giant cockroach zombie (D:5)
  18 kobolds
  A leopard gecko zombie (D:7)
  A quokka zombie (D:7)
  26 rats
  A fungus (D:2)
270 creatures vanquished.

Vanquished Creatures (collateral kills)
  A two-headed ogre (D:8)
  A troll (D:9)
  A polar bear (IceCv)
  A hippogriff (D:8)
  9 yaks
  A warg (D:10)
  A phantom (D:9)
  5 wolves
  2 ogres (D:9)
  2 bullfrogs
  4 killer bees (D:11)
  6 wights
  A crimson imp (D:10)
  2 hounds (D:9)
  2 jellies
  An orc priest (D:9)
  An orc wizard (D:9)
  A gnoll shaman (D:10)
  A merfolk siren (Sewer)
  An adder (Sewer)
  4 gnolls (D:10)
  7 orcs
  A ball python (Sewer)
56 creatures vanquished.

Vanquished Creatures (others)
  A yak (IceCv)
  5 wolves (IceCv)
6 creatures vanquished.

Grand Total: 332 creatures vanquished

Notes
Turn   | Place    | Note
-------+----------+-------------------------------------------
     0 | D:1      | inc the Octopode Ice Elementalist began the quest for the Orb.
     0 | D:1      | Reached XP level 1. HP: 11/11 MP: 3/3
   317 | D:1      | Reached XP level 2. HP: 6/17 MP: 0/5
   712 | D:1      | Reached skill level 4 in Ice Magic
   966 | D:1      | Reached XP level 3. HP: 16/21 MP: 6/6
  1849 | D:2      | Learned a level 3 spell: Ozocubu's Armour
  1898 | D:2      | Found a hazy altar of Hepliaklqana.
  1907 | D:2      | Reached XP level 4. HP: 19/27 MP: 7/7
  2321 | D:2      | Reached skill level 5 in Ice Magic
  3284 | D:2      | Found a runed door.
  3323 | D:3      | Reached XP level 5. HP: 13/31 MP: 3/8
  3702 | D:3      | Learned a level 4 spell: Summon Ice Beast
  3800 | D:3      | Reached skill level 1 in Summonings
  4302 | D:3      | Found a sacrificial altar of Ru.
  4407 | D:4      | Noticed an ogre
  4419 | D:4      | Got a twisted mace
  4424 | D:4      | Identified the +7 mace of the Chickpea {elec, +Blink MR+ Str+3} (You found it on level 4 of the Dungeon)
  4491 | D:4      | Killed an ogre
  4491 | D:4      | Reached XP level 6. HP: 36/36 MP: 5/9
  4971 | D:4      | Found a shadowy altar of Dithmenos.
  5027 | D:4      | Found a glowing drain.
  5031 | Sewer    | Entered a sewer
  5124 | Sewer    | Reached XP level 7. HP: 29/41 MP: 2/10
  5288 | Sewer    | Reached skill level 5 in Summonings
  5799 | D:4      | Noticed Ijyb
  5803 | D:4      | Killed Ijyb
  6456 | D:5      | Entered Level 5 of the Dungeon
  6557 | D:5      | Noticed Blork the orc
  6564 | D:5      | Killed Blork the orc
  6564 | D:5      | Reached XP level 8. HP: 46/46 MP: 7/11
  6942 | D:5      | Found an iron altar of Okawaru.
  8775 | D:7      | Found a basalt altar of Yredelemnul.
  8802 | D:7      | Reached skill level 5 in Spellcasting
  9077 | D:7      | Found a sparkling altar of Nemelex Xobeh.
  9129 | D:7      | Reached skill level 1 in Charms
  9174 | D:7      | Reached skill level 6 in Ice Magic
  9335 | D:7      | Found a staircase to the Ecumenical Temple.
  9357 | Temple   | Entered the Ecumenical Temple
  9443 | Temple   | Became a worshipper of Sif Muna the Loreminder
  9493 | D:7      | Reached XP level 9. HP: 51/51 MP: 3/16
  9907 | D:6      | Found a white marble altar of Elyvilon.
 10040 | D:8      | Noticed a two-headed ogre
 10076 | D:8      | Reached skill level 7 in Ice Magic
 10210 | D:8      | Noticed a two-headed ogre
 10677 | D:8      | Killed a two-headed ogre
 10677 | D:8      | Reached * piety under Sif Muna
 10677 | D:8      | Reached skill level 8 in Ice Magic
 10906 | D:8      | Reached skill level 9 in Ice Magic
 11052 | D:8      | Killed a two-headed ogre
 11052 | D:8      | Reached ** piety under Sif Muna
 11269 | D:9      | Reached skill level 10 in Ice Magic
 11286 | D:9      | Found an opulent altar of Gozag.
 11287 | D:9      | Noticed a troll
 11310 | D:9      | Reached XP level 10. HP: 40/56 MP: 3/17
 11596 | D:9      | Found an ancient bone altar of Kikubaaqudgha.
 11597 | D:9      | Found a blossoming altar of Fedhas.
 11618 | D:9      | Found a staircase to the Lair.
 12204 | D:9      | Learned a level 4 spell: Throw Icicle
 12543 | D:9      | Reached *** piety under Sif Muna
 12911 | D:10     | Entered Level 10 of the Dungeon
 13235 | D:10     | Found a staircase to the Orcish Mines.
 13461 | D:10     | Found a snail-covered altar of Cheibriados.
 13502 | D:10     | Noticed a two-headed ogre
 13525 | D:10     | Killed a two-headed ogre
 13750 | D:10     | Noticed a two-headed ogre
 13906 | D:10     | Killed a two-headed ogre
 13953 | D:9      | Reached **** piety under Sif Muna
 14430 | D:10     | Reached XP level 11. HP: 20/61 MP: 2/24
 15186 | D:11     | Noticed Psyche
 15191 | D:11     | Reached skill level 1 in Invocations
 15196 | D:11     | Killed Psyche
 15604 | D:11     | Found a frozen archway.
 15616 | IceCv    | Entered an ice cave
 16180 | IceCv    | Reached skill level 5 in Invocations
 16344 | IceCv    | Engulfed by a cloud of freezing vapour

Vault maps used:
D:1:      dpeg_arrival_morbid_curiosity, roderic_lattice_a
D:2:      lemuel_round_altar, kennysheep_generic_room_6, uniq_crazy_yiuf_cottage
D:3:      nicolae_ru_path_of_blood, minmay_goblin_outpost
D:4:      minmay_opposing_rooms, nicolae_dithmenos_the_darkroom,
          gup_sewer_entry_bowl, uniq_ijyb
D:5:      nicolae_overflow_hidden_temple, first_ration, uniq_blork_the_orc
D:6:      basic_altar, serial_park_tiny_2
D:7:      old_standard_altar, minmay_temple_entry_large_hall,
          nemelex_lonely_heart_becter
D:9:      grunt_temple_overflow_growth_and_decay, old_standard_altar,
          erik_lair_island
D:10:     erik_orc_4, basic_altar
D:11:     portal_ice_cave_entry_pillars_2, uniq_psyche
Temple:   zaba_magenta_temple
Sewer:    sewer_sea
IceCv:    ice_cave_caverns_02

Skill      XL: |  1  2  3  4  5  6  7  8  9 10 11 |
---------------+----------------------------------+-----
Ice Magic      | 4 5 6 10 | 10.9
Summonings     | 3 4 7 |  7.5
Spellcasting   | 5 9 |  9.4
Charms         | 2 |  2.2
Invocations    | 5 |  5.3
Dodging        | |  2.0
Stealth        | |  2.6
Conjurations   | |  1.0

Action                   |  1- 3 |  4- 6 |  7- 9 | 10-12 || total
-------------------------+-------+-------+-------+-------++-------
Melee: Unarmed           |     9 |       |       |       ||     9
       Constrict         |    29 |    37 |    43 |    23 ||   132
       Tentacles         |    12 |    27 |    27 |    20 ||    86
       Dagger            |    85 |   151 |       |       ||   236
       Mace              |       |    36 |   184 |    94 ||   314
       Staff             |       |       |       |     5 ||     5
 Cast: Freeze            |    10 |    31 |    25 |    17 ||    83
       Ozocubu's Armour  |       |    10 |    27 |    13 ||    50
       Summon Ice Beast  |       |     1 |    22 |    45 ||    68
       Throw Icicle      |       |       |       |    59 ||    59
Invok: Divine Energy     |       |       |       |     1 ||     1
  Use: Scroll            |       |     3 |     9 |    11 ||    23
       Potion            |       |     1 |     2 |     2 ||     5
 Stab: Sleeping          |     8 |    19 |    14 |     3 ||    44
  Eat: Chunk             |     3 |    12 |    22 |    17 ||    54
       Ration            |       |       |     1 |     3 ||     4
Armor: Skin              |     9 |    17 |    31 |    13 ||    70
Dodge: Dodged            |    46 |   106 |   152 |   115 ||   419

Table legend:
 A = Spawn XP
 B = Non-spawn XP
 C = Spawn XP percentage of total XP
 D = Spawn monster count
 E = Non-spawn monster count
 F = Spawn count percentage of total count
 G = Total turns spent on level
                    A         B        C        D         E        F      G
               +---------+---------+-------+---------+---------+-------+---------
         Total |       0 |   12222 |   0.0 |       0 |     326 |   0.0 | 16344
               +---------+---------+-------+---------+---------+-------+---------
           D:1 |       0 |      57 |   0.0 |       0 |      31 |   0.0 |  1786
           D:2 |       0 |     105 |   0.0 |       0 |      23 |   0.0 |  1521
           D:3 |       0 |      81 |   0.0 |       0 |      29 |   0.0 |  1061
           D:4 |       0 |     656 |   0.0 |       0 |      20 |   0.0 |  1391
           D:5 |       0 |     255 |   0.0 |       0 |       7 |   0.0 |   861
           D:6 |       0 |     310 |   0.0 |       0 |      13 |   0.0 |   820
           D:7 |       0 |     878 |   0.0 |       0 |      26 |   0.0 |  1726
           D:8 |       0 |    1906 |   0.0 |       0 |      22 |   0.0 |  1321
           D:9 |       0 |    1880 |   0.0 |       0 |      38 |   0.0 |  2091
          D:10 |       0 |    3558 |   0.0 |       0 |      50 |   0.0 |  1724
          D:11 |       0 |    1017 |   0.0 |       0 |      16 |   0.0 |   452
         Sewer |       0 |     132 |   0.0 |       0 |      39 |   0.0 |   697
         IceCv |       0 |    1387 |   0.0 |       0 |      12 |   0.0 |   728
               +---------+---------+-------+---------+---------+-------+---------
